 Dungeon Crawl Stone Soup version 0.28.0-43-g3370ac3207 (webtiles) character file.

Game seed: 11060064414181295933

156 themarg the Gusty (level 5, -1/28 HPs)
             Began as a Tengu Air Elementalist on Mar 1, 2022.
             Killed from afar by a white imp (13 damage)
             ... with a puff of frost
             ... on level 4 of the Dungeon.
             The game lasted 00:08:47 (3680 turns).

themarg the Gusty (Tengu Air Elementalist)          Turns: 3680, Time: 00:08:47

Health: -1/28      AC:  3    Str:  8    XL:     5   Next: 37%
Magic:  9/10       EV: 15    Int: 18    God:
Gold:   213        SH:  0    Dex: 14    Spells: 6/9 levels left

rFire   . . .      SeeInvis .   g - +0 hand axe
rCold   . . .      Faith    .   (no shield)
rNeg    . . .      Spirit   .   a - +0 robe
rPois   .          Reflect  .   (helmet restricted)
rElec   .          Harm     .   (no cloak)
rCorr   .          Rampage  .   d - +0 pair of gloves
Will    .....                   (boots unavailable)
Stlth   ++........              e - amulet of magic regeneration
HPRegen 0.09/turn               (no ring)
MPRegen 0.52/turn               (no ring)

@: flying quickly and evasively, quick
A: beak, talons 3, nimble flight
a: no special abilities


You were on level 4 of the Dungeon.
You visited 1 branch of the dungeon, and saw 4 of its levels.

You collected 213 gold pieces.

Inventory:

Hand Weapons
 c - a +0 club
 g - a +0 hand axe (weapon)
Armour
 a - a +0 robe (worn)
 d - a +0 pair of gloves (worn)
 m - the +1 ring mail "Roixtuag" {+Blink rElec Dex-4 SInv}
   (You found it on level 2 of the Dungeon)

   Dex:       It affects your dexterity (-4).
   rElec:     It insulates you from electricity.
   SInv:      It lets you see invisible.
   +Blink:    It lets you blink.
Jewellery
 b - a ring of protection from cold
 e - an amulet of magic regeneration (around neck)
 f - an amulet of magic regeneration
Scrolls
 h - 2 scrolls of fog {unknown}
 i - a scroll of identify
 j - a scroll of amnesia {unknown}
 n - a scroll of immolation {unknown}
 o - a scroll of fear {unknown}
 q - a scroll of blinking {unknown}
Potions
 k - a potion of heal wounds {unknown}
 l - 2 potions of degeneration
 p - a potion of cancellation {unknown}


   Skills:
 + Level 3.3 Dodging
 + Level 3.1 Stealth
 + Level 2.8 Spellcasting
 + Level 3.0 Conjurations
 + Level 5.0 Air Magic


You had 6 spell levels left.
You knew the following spells:

 Your Spells              Type           Power      Damage    Failure   Level
a - Shock                 Conj/Air       68%        1d7       3%          1
b - Static Discharge      Conj/Air       17%        N/A       4%          2

Your spell library contained the following spells:

 Spells                   Type           Power      Damage    Failure   Level
 Swiftness                Air            20%        N/A       6%          3
 Animate Skeleton         Necr           4%         N/A       17%         1
 Pain                     Necr           8%         1d4       17%         1
 Airstrike                Air            10%        N/A       22%         4
 Vampiric Draining        Necr           2%         2d6       45%         3


Dungeon Overview and Level Annotations

Branches:
Dungeon (4/15)
 Temple: D:4-7

Altars:
The Shining One


Innate Abilities, Weirdness & Mutations

You have a beak for a mouth.
You have claws for feet.
Your magical nature lets you fly swiftly and evasively.


Message History

The white imp is heavily wounded.
The white imp gestures at you. The puff of frost hits you!
Casting: Shock (safe; 3% risk of failure)
Confirm with . or Enter, or press ? or * to list all spells.
Aiming: Shock (safe; 3% risk of failure)
Press: ? - help, Shift-Dir - straight line, f/p - white imp
Aim: a white imp (heavily wounded, 71% to hit)
The zap hits the white imp.
The white imp is severely wounded.
The white imp gestures at you. The puff of frost misses you.
Casting: Shock (safe; 3% risk of failure)
Confirm with . or Enter, or press ? or * to list all spells.
Aiming: Shock (safe; 3% risk of failure)
Press: ? - help, Shift-Dir - straight line, f/p - white imp
Aim: a white imp (severely wounded, 71% to hit)
The zap misses the white imp.
Casting: Shock (safe; 3% risk of failure)
Confirm with . or Enter, or press ? or * to list all spells.
Aiming: Shock (safe; 3% risk of failure)
Press: ? - help, Shift-Dir - straight line, f/p - white imp
Aim: a white imp (severely wounded, 71% to hit)
The zap hits the white imp.
The white imp is almost dead.
The white imp gestures at you. The puff of frost misses you.
Found a fizzy purple potion.
The white imp gestures at you. The puff of frost misses you.
The white imp gestures at you. The puff of frost misses you.
The white imp gestures at you. The puff of frost hits you!
You barely miss the white imp.
You claw the white imp, but do no damage.
The white imp is almost dead.
The white imp gestures at you. The puff of frost hits you!
You die...

#............#..#...†.....
#..............#..........
##...#....##...##.........
#..###......###...#......
##.##....#####...###.....
#..##.......###..#.......
##...........##...........
#.........................
##.......@5..##..........#
#....................#....
###.#.....................
###..###....... ........
##.# ....... ......# ###
##..... ..... ..!## ....#
#..# .## ...


You could see a white imp.

Vanquished Creatures
  A howler monkey skeleton (D:4)
  6 adders
  An adder skeleton (D:4)
  A worm (D:2)
  4 dart slugs
  2 orcs
  2 endoplasms
  3 giant cockroaches
  8 goblins
  8 hobgoblins
  5 jackals
  5 quokkas
  6 ball pythons
  12 bats
  3 frilled lizards
  5 kobolds
  3 rats
75 creatures vanquished.

Notes
Turn   | Place    | Note
-------+----------+-------------------------------------------
     0 | D:1      | themarg the Tengu Air Elementalist began the quest for the
                  | Orb.
     0 | D:1      | Reached XP level 1. HP: 10/10 MP: 4/4
   266 | D:1      | Reached XP level 2. HP: 15/15 MP: 4/6
   428 | D:1      | Found a faded altar of an unknown god.
   783 | D:1      | Reached XP level 3. HP: 19/19 MP: 4/7
  1704 | D:2      | Learned a level 2 spell: Static Discharge
  1837 | D:2      | Reached XP level 4. HP: 24/24 MP: 5/8
  1929 | D:2      | Identified the +1 ring mail "Roixtuag" {+Blink rElec Dex-4
                  | SInv}
  2626 | D:3      | Gained mutation: Your magical nature lets you fly swiftly
                  | and evasively. [Tengu growth]
  2626 | D:3      | Reached XP level 5. HP: 28/28 MP: 8/10
  3383 | D:4      | Found a glowing golden altar of the Shining One.
  3528 | D:4      | Reached skill level 5 in Air Magic
  3680 | D:4      | Killed from afar by a white imp

Illustrated notes

Levels and vault maps discovered:
D:1:      minmay_arrival_four_circles, layout_basic,
          hellmonk_ecumenical_altar_run_dry, grunt_decor_arrowhead,
          chequers_avenue, minmay_pentomino_r2
D:2:      layout_basic
D:3:      layout_basic
D:4:      layout_cave_pools, lemuel_round_altar, vehumet_crystals

Skill      XL: |  1  2  3  4  5 |
---------------+----------------+-----
Conjurations   | 2 3 |  3.0
Dodging        | 3 |  3.3
Stealth        | 3 |  3.1
Air Magic      | 5 |  5.0
Spellcasting   | |  2.8

Action                   |  1- 3 |  4- 6 || total
-------------------------+-------+-------++-------
Melee: Unarmed           |     4 |       ||     4
       Kick              |     6 |     8 ||    14
       Club              |    22 |       ||    22
       Peck              |     2 |     2 ||     4
       Hand axe          |    12 |    19 ||    31
 Cast: Shock             |    61 |    78 ||   139
  Use: Scroll            |       |     1 ||     1
 Stab: Sleeping          |     2 |       ||     2
Armor: Robe              |    12 |     6 ||    18
Dodge: Dodged            |    32 |    18 ||    50
